AoeStats
← BouncyBear

Arena

510175625Analyzed
1v1 RM · 2d ago on Sep 29, 2026· 58m 36s· 2 players
Game mode
Random Map
Map size
Tiny (2 player)
Population
200
Speed
Normal
Resources
Standard
Victory
Conquest
Starting age
Dark Age
Ending age
Imperial Age
RankedLock teamsTeams togetherTeam positionsShared explorationLock speedFull tech treeHidden civsTurbo modeCheats
Victory
Defeat
🇩🇰 Chinese · Denmark
1433
+17
🇨🇱 Teutons · Chile
1452
-17
BouncyBear
9:51 Feudal Age
10:06 Feudal Age
9:27 Loom
15:38 Castle Age
15:52 Double-Bit Axe
18:49 Wheelbarrow
26:43 Bow Saw
26:47 Horse Collar
27:48 Gold Mining
36:20 Imperial Age
34:18 Squires
35:24 Hand Cart
35:15 Heavy Plow
36:17 Stone Mining
36:29 Fletching
37:20 Capped Ram
39:26 Two-Man Saw
38:44 Masonry
38:36 Bodkin Arrow
38:48 Siege Ram
42:39 Elite Fire Lancer
44:23 Gold Shaft Mining
44:12 Scale Mail Armor
45:04 Forging
45:11 Chain Mail Armor
45:34 Bracer
45:55 Crossbowman
46:42 Thumb Ring
47:36 Ballistics
48:16 Chemistry
48:15 Stone Shaft Mining
47:26 Arbalester
48:12 Padded Archer Armor
52:39 Conscription
53:07 Architecture
53:00 Leather Archer Armor
55:16 Town Watch
56:28 Plate Mail Armor
56:35 Iron Casting
No se jugar
8:58 Feudal Age
7:31 Loom
9:45 Double-Bit Axe
10:29 Fletching
21:40 Castle Age
21:08 Horse Collar
22:22 Bodkin Arrow
24:12 Guard Tower
25:47 Town Watch
27:03 Gold Mining
36:33 Imperial Age
36:39 Stone Mining
38:14 Wheelbarrow
37:53 Bow Saw
38:26 Ballistics
38:36 Masonry
40:18 Chemistry
42:37 Two-Man Saw
42:43 Hand Cart
43:23 Scale Barding Armor
43:29 Forging
44:30 Chain Barding Armor
44:45 Conscription
44:51 Scale Mail Armor
45:07 Heavy Plow
45:44 Cavalier
50:16 Chain Mail Armor
50:39 Plate Barding Armor
50:40 Iron Casting
50:43 Crenellations
51:24 Bloodlines
52:33 Hoardings
55:03 Blast Furnace
55:07 Paladin
57:52 Stone Shaft Mining
Connection lost

Rejoining the realm…

Still unreachable

The connection could not be restored.

Session expired

The server has moved on; the page needs a fresh start.